 Dungeon Crawl Stone Soup version 0.31.0-32-g396128a36d (webtiles) character file.

Game seed: 15665003168572839525

1355 PaiMei the Grave Robber (level 8, -5/61 HPs)
             Began as a Demonspawn Necromancer on Apr 12, 2024.
             Slain by a troll (9 damage)
             ... on level 6 of the Dungeon.
             The game lasted 00:09:32 (8333 turns).

PaiMei the Grave Robber (Demonspawn Necromancer)    Turns: 8333, Time: 00:09:32

Health: -5/61      AC:  7    Str: 14    XL:     8   Next: 37%
Magic:  2/15       EV: 14    Int: 21    God:
Gold:   274        SH:  5    Dex: 17    Spells: 4/17 levels left

rFire   . . .        a - +0 dagger (venom)
rCold   + . .        (no shield)
rNeg    . . .        q - +4 robe of Augmentation {Str+4 Int+4 Dex+4}
rPois   .            (no helmet)
rElec   .            E - +0 cloak
rCorr   .            (no gloves)
SInv    .            (no boots)
Will    .....        o - amulet of reflection
Stlth   ++           t - ring of protection from cold
HPRegen 0.30/turn    (no ring)
MPRegen 0.14/turn

%: reflection
@: mighty
A: powered by pain 2, sturdy frame 1, weakness stinger 1
a: no special abilities


You were on level 6 of the Dungeon.
You visited 1 branch of the dungeon, and saw 6 of its levels.

You collected 274 gold pieces.

Inventory:

Hand Weapons
 a - a +0 dagger of venom (weapon)
 n - a +0 dagger of pain
 A - a +2 heavy flail
Missiles
 i - 7 poisoned darts (quivered)
 s - a throwing net
Armour
 q - the +4 robe of Augmentation (worn) {Str+4 Int+4 Dex+4}
   (You found it on level 3 of the Dungeon)

   Str+4:     It affects your strength (+4).
   Int+4:     It affects your intelligence (+4).
   Dex+4:     It affects your dexterity (+4).
 E - a +0 cloak (worn)
Jewellery
 o - an amulet of reflection (around neck)
 t - a ring of protection from cold (left hand)
Wands
 B - a wand of polymorph (10)
 D - a wand of flame (20)
Scrolls
 c - 3 scrolls of vulnerability {unknown}
 d - 3 scrolls of teleportation
 h - 2 scrolls of fog {unknown}
 j - 2 scrolls of fear {unknown}
 l - 6 scrolls of identify
 m - a scroll of blinking {unknown}
 r - a scroll of poison {unknown}
 u - a scroll of immolation {unknown}
 v - a scroll of amnesia {unknown}
 x - a scroll of torment {unknown}
 y - a scroll of enchant armour {unknown}
 C - a scroll of revelation {unknown}
Potions
 b - 2 potions of magic
 e - a potion of heal wounds {unknown}
 f - 3 potions of curing {unknown}
 g - a potion of brilliance {unknown}
 k - a potion of attraction {unknown}
 p - a potion of enlightenment {unknown}
 w - 2 potions of berserk rage {unknown}
 z - a potion of might {unknown}


   Skills:
 + Level 4.7 Fighting
 + Level 4.9 Dodging
 - Level 2.0 Stealth
 + Level 5.0 Spellcasting
 + Level 7.1 Necromancy


You had 4 spell levels left.
You knew the following spells:

 Your Spells              Type           Power      Damage    Failure   Level
a - Necrotise             Necr           100%       1d9       1%          1
b - Vampiric Draining     Necr           35%        2d8       1%          3
c - Animate Dead          Necr           35%        N/A       5%          4
d - Curse of Agony        Necr           35%        N/A       16%         5

Your spell library contained the following spells:

 Spells                   Type           Power      Damage    Failure   Level
 Olgreb's Toxic Radiance  Alch           5%         N/A       71%         4
 Ozocubu's Refrigeration  Ice            2%         4d8       100%        7
 Discord                  Hex            2%         N/A       100%        8


Dungeon Overview and Level Annotations

Branches:
Dungeon (6/15)
 Temple: D:4-7

Altars:
Hepliaklqana
Uskayaw
Xom

Shops:
D:5 *

Annotations:
D:5 Menkaure


Innate Abilities, Weirdness & Mutations

You sometimes gain power by taking damage.
Your movements are slightly less encumbered by armour. (ER -2)
You have a small tail.


Message History

Casting: Vampiric Draining (safe; 1% risk of failure)
Confirm with . or Enter, or press ? or * to list all spells.
Aiming: Vampiric Draining (safe; 1% risk of failure)
Press: ? - help, Shift-Dir - straight line, f/p - troll
Aim: a troll (lightly wounded)
You draw life force from the troll!
You feel life coursing into your body. You block the troll's attack.
The troll claws you. The troll claws you!
Casting: Vampiric Draining (safe; 1% risk of failure)
Confirm with . or Enter, or press ? or * to list all spells.
Aiming: Vampiric Draining (safe; 1% risk of failure)
Press: ? - help, Shift-Dir - straight line, f/p - troll
Aim: a troll (moderately wounded)
You draw life force from the troll.
You feel life coursing into your body. The troll barely misses you.
The troll closely misses you. x2
Casting: Vampiric Draining (safe; 1% risk of failure)
Confirm with . or Enter, or press ? or * to list all spells.
Aiming: Vampiric Draining (safe; 1% risk of failure)
Press: ? - help, Shift-Dir - straight line, f/p - troll
Aim: a troll (heavily wounded)
You draw life force from the troll.
You feel life coursing into your body. The troll barely misses you.
The troll claws you! x2
Casting: Vampiric Draining (safe; 1% risk of failure)
Confirm with . or Enter, or press ? or * to list all spells.
You don't have enough magic to cast this spell.
You hit the troll but do no damage.
The troll is poisoned.
The troll is heavily wounded.
The troll closely misses you. The troll claws you!
* * * LOW HITPOINT WARNING * * *
You block the troll's attack. The troll attacks as it pursues you!
The troll barely misses you. The troll claws you but does no damage.
The troll barely misses you.
An orc comes into view. It is wielding a +0 hand axe.
The orc moves out of view.
The troll attacks as it pursues you! The troll barely misses you.
The troll claws you!
* * * LOW HITPOINT WARNING * * *
You focus on the pain.
You feel very mighty all of a sudden. The troll claws you!
You die...

..... #.# .....
#.# ?.....
#######.# ?.....
#....##.######
....#
#.....#))....#
#..##.........##.#
#.......####.#
##.#.#.#.<.....#
###.##T@.######..#
# #..#S.####
#<....#
.##:.##..##
####.## ........##
#.# ######### #..
####


You could see a troll (very poisoned) and an adder.

Vanquished Creatures
  Grinder (D:5)
  4 ice beasts
  An ogre (D:4)
  A scorpion (D:5)
  2 howler monkeys (D:4)
  A bombardier beetle (D:4)
  2 hounds (D:4)
  A jelly (D:4)
  2 gnoll boudas
  Crazy Yiuf (D:5)
  An iguana (D:4)
  Ijyb (D:5)
  3 orc wizards (D:4)
  6 adders
  8 gnolls
  A shadow imp (D:5)
  3 dart slugs
  2 ribbon worms (D:3)
  14 orcs
  4 endoplasms
  3 giant cockroaches
  5 goblins
  11 hobgoblins
  4 jackals (D:4)
  5 quokkas
  4 ball pythons
  2 bats
  2 frilled lizards
  7 kobolds
  A rat (D:1)
103 creatures vanquished.

Vanquished Creatures (collateral kills)
  A bat (D:1)
  A quokka (D:3)
2 creatures vanquished.

Grand Total: 105 creatures vanquished

Notes
Turn   | Place    | Note
-------+----------+-------------------------------------------
     0 | D:1      | PaiMei the Demonspawn Necromancer began the quest for the
                  | Orb.
     0 | D:1      | Reached XP level 1. HP: 13/13 MP: 3/3
   415 | D:1      | Gained mutation: You sometimes gain a little power by
                  | taking damage. [demonic ancestry]
   415 | D:1      | Reached XP level 2. HP: 19/19 MP: 0/5
  1189 | D:2      | Gained mutation: You sometimes gain power by taking damage.
                  | [demonic ancestry]
  1189 | D:2      | Reached XP level 3. HP: 25/25 MP: 1/6
  1193 | D:2      | Learned a level 3 spell: Vampiric Draining
  1856 | D:2      | Reached skill level 1 in Fighting
  2468 | D:3      | Found the +4 robe of Augmentation {Str+4 Int+4 Dex+4}
  2678 | D:3      | Noticed a +0 dagger
  2678 | D:3      | Noticed a +0 spear
  2679 | D:3      | Noticed a +0 falchion
  2679 | D:3      | Noticed a +0 short sword
  2680 | D:3      | Noticed a +0 falchion
  2682 | D:3      | Noticed a +0 dagger
  2690 | D:3      | Noticed a +0 short sword
  2692 | D:3      | Noticed a +0 spear
  2700 | D:3      | Noticed an ice beast
  2710 | D:3      | Killed an ice beast
  2711 | D:3      | Reached skill level 5 in Necromancy
  2711 | D:3      | Reached XP level 4. HP: 33/33 MP: 1/8
  2711 | D:3      | Gained mutation: Your movements are slightly less
                  | encumbered by armour. (ER -2) [demonic ancestry]
  2711 | D:3      | Reached XP level 5. HP: 38/38 MP: 1/9
  2800 | D:3      | Found a hide-covered altar of Uskayaw.
  3231 | D:3      | Found a hazy altar of Hepliaklqana.
  3598 | D:4      | Noticed an ice beast
  3619 | D:4      | Killed an ice beast
  3620 | D:4      | Reached XP level 6. HP: 46/46 MP: 3/11
  4284 | D:4      | Found a shimmering altar of Xom.
  4823 | D:4      | Reached skill level 6 in Necromancy
  4823 | D:4      | Gained mutation: You have a small tail. [demonic ancestry]
  4823 | D:4      | Reached XP level 7. HP: 52/52 MP: 0/12
  4983 | D:4      | You fall into a shaft and drop 1 floor!
  4983 | D:5      | Entered Level 5 of the Dungeon
  4983 | D:5      | Found a runed translucent door.
  5000 | D:5      | Noticed Ijyb
  5001 | D:5      | Noticed Grinder
  6972 | D:5      | Paralysed by Grinder for 4 turns
  6976 | D:5      | Killed Grinder
  6977 | D:5      | Reached XP level 8. HP: 36/61 MP: 13/15
  7102 | D:5      | Noticed Menkaure
  7109 | D:5      | Killed Ijyb
  7212 | D:5      | Reached skill level 7 in Necromancy
  7622 | D:5      | Found Zoaseun's Assorted Antiques.
  7687 | D:5      | Noticed Crazy Yiuf
  8081 | D:5      | Killed Crazy Yiuf
  8153 | D:6      | Learned a level 4 spell: Animate Dead
  8159 | D:6      | Learned a level 5 spell: Curse of Agony
  8217 | D:6      | Reached skill level 5 in Spellcasting
  8317 | D:6      | Noticed a troll
  8333 | D:6      | Slain by a troll

Illustrated notes

Levels and vault maps discovered:
D:1:      lemuel_arrival_river_ford, layout_basic
D:2:      layout_basic, minmay_hedge_maze,
          nicolae_concentric_dashed_squares_mild
D:3:      layout_loops_cross, nicolae_uskayaw_en_pointe, lemuel_round_altar,
          amethyst_killhole, kennysheep_generic_room_10
D:4:      layout_loops_cross, regret_index_xom_buried_treasure,
          minmay_surrounded
D:5:      layout_rooms, tgw_fedhas, serial_shops, shop, uniq_grinder,
          uniq_menkaure, uniq_ijyb, uniq_crazy_yiuf_cottage
D:6:      cheibrodos_quashed, layout_basic, mainiacjoe_overflow_divided_tiny,
          lemuel_temple_firewalk_b, serial_shops, shop, minmay_manual_mess

Skill      XL: |  1  2  3  4  5  6  7  8 |
---------------+-------------------------+-----
Stealth        | 2 |  2.0
Dodging        | 2 3 4 |  4.9
Fighting       | 1 2 3 4 |  4.7
Spellcasting   | 3 4 5 |  5.0
Necromancy     | 5 6 7 |  7.1

Action                     |  1- 3 |  4- 6 |  7- 9 || total
---------------------------+-------+-------+-------++-------
  Melee: Unarmed           |    10 |       |     5 ||    15
         Dagger            |     9 |    10 |    58 ||    77
         Tailslap          |       |       |    11 ||    11
         Punch             |       |       |     4 ||     4
   Cast: Necrotise         |    74 |    76 |    47 ||   197
         Vampiric Draining |       |     9 |    27 ||    36
    Use: Scroll            |       |       |     2 ||     2
   Stab: Confused          |       |       |     1 ||     1
 Armour: Robe              |    10 |    10 |    59 ||    79
         Leather armour    |     3 |       |       ||     3
         Skin              |       |       |     1 ||     1
  Dodge: Dodged            |    17 |    16 |    47 ||    80
  Block: Other             |     2 |     5 |    21 ||    28
         Reflection        |       |       |     2 ||     2
